 Dungeon Crawl Stone Soup version 0.30-a0-760-g5a9884bb7c (webtiles) character file.

Game seed: 4435510608282437606

3057 kingofthe the Conjurer (level 9, 0/51 HPs)
             Began as an Octopode Conjurer on Feb 12, 2023.
             Was a Follower of Sif Muna.
             Slain by an unseen horror (11 damage)
             ... on level 8 of the Dungeon.
             The game lasted 00:40:40 (10208 turns).

kingofthe the Conjurer (Octopode Conjurer)         Turns: 10208, Time: 00:40:41

Health: 0/51       AC:  1    Str:  6    XL:     9   Next: 87%
Magic:  15/26      EV: 22    Int: 21    God:    Sif Muna [*.....]
Gold:   335        SH:  0    Dex: 20    Spells: 1/19 levels left

rFire   + . .      SeeInvis .    a - +4 hand axe of Nualuum {pain, +Blink rElec rC+ MP+9}
rCold   . . .      Faith    .    (no shield)
rNeg    . . .      Spirit   .    (helmet restricted)
rPois   .          Reflect  .    (no amulet)
rElec   +          Harm     .    u - +5 ring of evasion
rCorr   .          Rampage  .    w - +6 ring of dexterity
Will    .....                    x - ring of flight
Stlth   +++++                    z - ring of fire
HPRegen 0.28/turn                (no ring)
MPRegen 0.20/turn                (no ring)
                                 (no ring)
                                 (no ring)

@: flying
A: almost no armour, amphibious, 8 rings, camouflage 1, gelatinous body 1,
(nimble swimmer 1), tentacles
a: Renounce Religion, Evoke Blink, Channel Magic


You were on level 8 of the Dungeon.
You worshipped Sif Muna.
Sif Muna was aware of your devotion.
You visited 2 branches of the dungeon, and saw 9 of its levels.

You collected 335 gold pieces.

Inventory:

Hand Weapons
 a - the +4 hand axe of Nualuum (weapon) {pain, +Blink rElec rC+ MP+9}
   (You took it off a gnoll on level 6 of the Dungeon)

   rC:        It protects you from cold.
   rElec:     It insulates you from electricity.
   MP:        It affects your magic capacity (+9).
   +Blink:    It lets you blink.
 b - a +3 rapier of speed
 C - a +2 dagger of protection
Jewellery
 u - a +5 ring of evasion (left tentacle)
 w - a +6 ring of dexterity (right tentacle)
 x - a ring of flight (on tentacle)
 z - a ring of fire (on tentacle)
 G - an amulet of guardian spirit
Wands
 A - a wand of flame (21)
Scrolls
 e - 3 scrolls of teleportation {unknown}
 f - 5 scrolls of identify
 g - a scroll of torment {unknown}
 h - a scroll of magic mapping {unknown}
 i - 2 scrolls of amnesia {unknown}
 k - a scroll of immolation {unknown}
 q - a scroll of vulnerability
 r - a scroll of poison {unknown}
 t - 2 scrolls of noise
 y - a scroll of fear {unknown}
 E - a scroll of summoning {unknown}
Potions
 c - 2 potions of resistance
 d - a potion of flight {unknown}
 j - 4 potions of degeneration
 l - 3 potions of might {unknown}
 m - 4 potions of mutation
 n - a potion of invisibility
 o - 4 potions of curing
 p - 3 potions of lignification
 s - a potion of heal wounds {unknown}
 v - a potion of cancellation {unknown}
 B - a potion of magic
 D - a potion of experience {unknown}
 F - a potion of attraction {unknown}


   Skills:
 + Level 6.4 Dodging
 + Level 6.5 Stealth
 + Level 5.7 Spellcasting
 + Level 6.6 Conjurations
 + Level 4.6 Hexes
 * Level 1.1 Transmutations
 + Level 4.0 Fire Magic
 * Level 1.1 Air Magic
 + Level 4.3 Poison Magic
 + Level 0.2 Invocations
 + Level 0.2 Evocations


You had one spell level left.
You knew the following spells:

 Your Spells              Type           Power      Damage    Failure   Level
a - Magic Dart            Conj           100%       1d8       1%          1
b - Searing Ray           Conj           68%        2d6       1%          2
c - Poisonous Vapours     Pois/Air       34%        N/A       4%          2
d - Slow                  Hex            100%       N/A       1%          1
e - Foxfire               Conj/Fire      100%       2x1d9     1%          1
f - Fireball              Conj/Fire      21%        3d10      30%         5
g - Ignite Poison         Fire/Tmut/Pois 28%        N/A       9%          3
h - Mephitic Cloud        Conj/Pois/Air  22%        N/A       6%          3

Your spell library contained the following spells:

 Spells                   Type           Power      Damage    Failure   Level
 Momentum Strike          Conj/Tloc      40%        3d9       3%          2
 Dazzling Flash           Conj/Hex       58%        N/A       3%          3
 Confusing Touch          Hex            25%        N/A       4%          3
 Cigotuvi's Dreadful Rot  Necr/Pois/Air  26%        N/A       8%          2
 Fulminant Prism          Conj/Hex       14%        3d9       10%         4
 Blink                    Tloc           10%        N/A       16%         2
 Lesser Beckoning         Tloc           10%        N/A       16%         2
 Kindle Blastsparks       Fire/Tloc/Air  38%        2d13      16%         3
 Iskenderun's Mystic Bla  Conj/Tloc      20%        2d6       26%         4
 Gell's Gravitas          Tloc           5%         N/A       30%         3
 Teleport Other           Tloc           5%         N/A       30%         3
 Vampiric Draining        Necr           5%         2d6       30%         3
 Freezing Cloud           Conj/Ice/Air   8%         6-21      67%         5
 Starburst                Conj/Fire      21%        6d7       86%         6
 Dispersal                Tloc           2%         N/A       100%        6


Dungeon Overview and Level Annotations

Branches:
Dungeon (8/15)             Temple (1/1) D:7
   Lair: D:8-11

Altars:
Ashenzari
Cheibriados
Dithmenos
Elyvilon
Fedhas
Gozag
Kikubaaqudgha
Makhleb
Nemelex Xobeh
Okawaru
Ru
Sif Muna
Trog
Uskayaw
Wu Jian
Xom
Yredelemnul
Zin
The Shining One

Shops:
D:2 =

Annotations:
D:5 exclusion: hornet


Innate Abilities, Weirdness & Mutations

You cannot wear most types of armour.
You are amphibious.
You can wear up to eight rings at the same time.
Your skin changes colour to match your surroundings (Stealth+).
Your rubbery body absorbs attacks. (AC +1, EV +1)
((You are camouflaged when in or above water. (Stealth+)))
You have tentacles for arms and can constrict up to eight enemies at once.


Message History

That beam is likely to hit you.
Continue anyway? [Y]es or [N]o only, please.
That beam is likely to hit you.
Continue anyway?
Okay, then.
Casting: Searing Ray (safe; 1% risk of failure)
Confirm with . or Enter, or press ? or * to list all spells.
Aiming: Searing Ray (safe; 1% risk of failure)
Press: ? - help, Shift-Dir - straight line The searing ray hits something. (Press . to maintain the ray.)
Something hits you. x2
Something barely misses you. Something misses you. Something hits you.
You finish channelling your searing ray.
Something closely misses you. Something barely misses you.
Casting: Searing Ray (safe; 1% risk of failure)
Confirm with . or Enter, or press ? or * to list all spells.
Aiming: Searing Ray (safe; 1% risk of failure)
Press: ? - help, Shift-Dir - straight line The searing ray hits something. (Press . to maintain the ray.)
Something misses you.
The searing ray hits something.
Something hits you. x2
The searing ray hits something.
Something hits you but does no damage. Something misses you.
The searing ray hits something.
You finish channelling your searing ray.
Something hits you. Something closely misses you.
Casting: Searing Ray (safe; 1% risk of failure)
Confirm with . or Enter, or press ? or * to list all spells.
Aiming: Searing Ray (safe; 1% risk of failure)
Press: ? - help, Shift-Dir - straight line The searing ray hits something. (Press . to maintain the ray.)
Something hits you!
The searing ray hits something.
Something closely misses you. Something hits you!
* * * LOW HITPOINT WARNING * * *
Something hits you!
You die...

........>.#
######....
##..##..### . #.#
#....## #..
#.....##
..####.##...# .
#....##...####
.##.#######....#
)...)........#.####
##..##########..@.#
#..## ####.### #.##
#...# #.#
###.###### #.##
#.#....# ...##
#......# ....##
##.....# .....#
#.....# .....#
##..[.#


There were no monsters in sight!

Vanquished Creatures
  A steam dragon (D:8)
  Duvessa (D:6)
  A black bear (D:6)
  An orc warrior (D:7)
  2 ice beasts
  An ogre (D:6)
  A centaur (D:8)
  2 phantoms
  Blork the orc (D:4)
  3 bullfrogs
  3 necrophages
  4 scorpions
  4 wights (D:7)
  Dowan (D:6)
  3 killer bees (D:7)
  3 hounds
  3 jellies
  3 gnoll boudas
  An iguana (D:7)
  3 orc priests
  Jessica (D:3)
  Natasha (thrice) (D:2)
  11 orc wizards
  15 gnolls
  4 adders
  A shadow imp (D:7)
  An ufetubus (D:5)
  An adder skeleton (D:2)
  An adder zombie (D:2)
  A worm (D:2)
  2 dart slugs
  28 orcs
  A bat skeleton (D:2)
  An endoplasm (D:2)
  3 giant cockroaches
  6 goblins
  6 hobgoblins
  7 kobolds
  4 quokkas
  3 ball pythons
  2 ball python skeletons (D:2)
  5 bats
  3 frilled lizards
  3 rats
155 creatures vanquished.

Vanquished Creatures (others)
  308 foxfires
  8 withered plants (D:2)
316 creatures vanquished.

Grand Total: 471 creatures vanquished

Notes
Turn   | Place    | Note
-------+----------+-------------------------------------------
     0 | D:1      | kingofthe the Octopode Conjurer began the quest for the
                  | Orb.
     0 | D:1      | Reached XP level 1. HP: 11/11 MP: 3/3
   292 | D:1      | Reached XP level 2. HP: 14/17 MP: 0/5
   344 | D:1      | Learned a level 2 spell: Searing Ray
  1095 | D:2      | Noticed Natasha
  1099 | D:2      | Killed Natasha
  1100 | D:2      | Reached XP level 3. HP: 21/21 MP: 0/7
  1194 | D:2      | Noticed Natasha
  1205 | D:2      | Killed Natasha
  1206 | D:2      | Reached XP level 4. HP: 10/27 MP: 1/8
  1419 | D:2      | Noticed Natasha
  1421 | D:2      | Killed Natasha
  1647 | D:2      | Reached XP level 5. HP: 31/31 MP: 4/9
  1880 | D:2      | Found a faded altar of an unknown god.
  1937 | D:2      | Found Fakylid's Jewellery Shoppe.
  2023 | D:2      | Found a bloodstained altar of Trog.
  2873 | D:3      | Noticed Jessica
  2912 | D:3      | Killed Jessica
  2977 | D:3      | Learned a level 2 spell: Poisonous Vapours
  3319 | D:4      | Noticed an ice beast
  3479 | D:4      | Found a burning altar of Makhleb.
  3480 | D:4      | Found an ancient bone altar of Kikubaaqudgha.
  3529 | D:4      | Noticed Blork the orc
  3538 | D:4      | Killed Blork the orc
  3539 | D:4      | Reached XP level 6. HP: 24/36 MP: 0/11
  3701 | D:4      | Reached skill level 1 in Poison Magic
  4086 | D:4      | Found a shadowy altar of Dithmenos.
  4093 | D:4      | Learned a level 1 spell: Slow
  4115 | D:4      | Reached skill level 5 in Conjurations
  4210 | D:4      | Reached skill level 1 in Hexes
  4210 | D:4      | Reached XP level 7. HP: 41/41 MP: 7/12
  4805 | D:5      | Entered Level 5 of the Dungeon
  5569 | D:5      | Noticed a hornet
  5745 | D:5      | Reached skill level 5 in Stealth
  5822 | D:5      | Learned a level 1 spell: Foxfire
  5832 | D:5      | Reached XP level 8. HP: 46/46 MP: 7/14
  6315 | D:6      | Reached skill level 1 in Fire Magic
  6460 | D:6      | Reached skill level 5 in Dodging
  6587 | D:6      | Noticed Duvessa
  6587 | D:6      | Noticed Dowan
  6605 | D:6      | Killed Duvessa
  6768 | D:6      | Killed Dowan
  6874 | D:6      | Identified the +4 hand axe of Nualuum {pain, +Blink rElec
                  | rC+ MP+9}
  6876 | D:6      | Reached skill level 5 in Spellcasting
  7775 | D:6      | Reached XP level 9. HP: 51/51 MP: 16/16
  7917 | D:6      | Learned a level 5 spell: Fireball
  8287 | D:7      | Found a staircase to the Ecumenical Temple.
  8296 | Temple   | Entered the Ecumenical Temple
  8372 | Temple   | Became a worshipper of Sif Muna the Loreminder
  9531 | D:7      | Reached * piety under Sif Muna
  9538 | D:7      | Learned a level 3 spell: Ignite Poison
  9544 | D:7      | Learned a level 3 spell: Mephitic Cloud
 10062 | D:8      | Reached skill level 1 in Transmutations
 10076 | D:8      | Reached skill level 1 in Air Magic
 10208 | D:8      | Slain by an unseen horror

Illustrated notes

Levels and vault maps discovered:
D:1:      sevenhm_arrival_forest_fort_large_2, layout_loops_cross
D:2:      layout_loops_cross, ebering_ecumenical_altar_webs, serial_shops,
          nicolae_shop_waterfront, serial_undead, serial_undead_e,
          serial_undead_c, serial_undead_e, serial_undead_e, serial_undead_e,
          serial_undead_a, basic_altar, uniq_natasha
D:3:      layout_loops_corners, uniq_jessica
D:4:      layout_loops_ring, chequers_temple_overflow_statue_of_worship,
          grunt_dithmenos_smoke_and_mirrors, uniq_blork_the_orc
D:5:      layout_loops_cross
D:6:      layout_rooms, kennysheep_generic_room_2, uniq_duvessa
D:7:      layout_gridville, lemuel_temple_firewalk_b, nicolae_titane
D:8:      layout_rooms, minitemple, due_unseen_surprise
Temple:   nicolae_temple_slightly_damp_pantheon

Skill      XL: |  1  2  3  4  5  6  7  8  9 |
---------------+----------------------------+-----
Stealth        | 3 4 5 6 |  6.5
Dodging        | 3 4 5 6 |  6.4
Spellcasting   | 3 4 5 |  5.7
Poison Magic   | 1 2 3 4 |  4.3
Conjurations   | 5 6 |  6.6
Hexes          | 1 2 3 4 |  4.6
Fire Magic     | 2 4 |  4.0
Transmutations | 1 |  1.1
Air Magic      | 1 |  1.1
Invocations    | |  0.2
Evocations     | |  0.2

Action                     |  1- 3 |  4- 6 |  7- 9 || total
---------------------------+-------+-------+-------++-------
  Melee: Unarmed           |    22 |     2 |       ||    24
         Tentacles         |     6 |       |       ||     6
         Constrict         |     5 |     1 |     1 ||     7
         Hand axe          |       |       |     8 ||     8
   Cast: Magic Dart        |    28 |    92 |    64 ||   184
         Searing Ray       |     3 |    13 |    34 ||    50
         Slow              |       |       |    33 ||    33
         Foxfire           |       |       |   175 ||   175
         Poisonous Vapours |       |       |     8 ||     8
    Use: Scroll            |       |       |     7 ||     7
 Armour: Skin              |     2 |       |     3 ||     5
  Dodge: Dodged            |    15 |    12 |   138 ||   165

Table legend: (Time is in decaauts)
 A = Elapsed time spent in this place.
 B = Non-inter-level travel time spent in this place.
 C = Inter-level travel time spent in this place.
 D = Time resting spent in this place.
 E = Time spent auto-exploring this place.
 F = Levels seen in this place.
 G = Mean time per level.
                   A        B        C        D        E       F      G
               +--------+--------+--------+--------+--------+-----+--------+
         Total |  10216 |   9478 |    738 |   2014 |   6193 |   9 | 1135.1 |
       Dungeon |  10010 |   9290 |    720 |   2014 |   6026 |   8 | 1251.2 |
        Temple |    205 |    187 |     18 |      0 |    167 |   1 |  205.0 |
               +--------+--------+--------+--------+--------+-----+--------+

Top non-repeatable levels by time:
     D:4: 1752 daAuts
     D:5: 1722 daAuts
     D:7: 1697 daAuts
     D:2: 1445 daAuts
     D:6: 1144 daAuts
     D:3: 987 daAuts
     D:1: 927 daAuts
     D:8: 333 daAuts
  Temple: 205 daAuts
